 Dungeon Crawl Stone Soup version 0.27.1-4-g1640c2035a (webtiles) character file.

Game seed: 10950607472550998606

9858 Stomo444 the Basher (level 11, -7/63 HPs)
             Began as a Vine Stalker Monk on Nov 10, 2021.
             Was a Follower of Ru.
             Mangled by a troll zombie (9 damage)
             ... on level 11 of the Dungeon.
             The game lasted 00:35:01 (10637 turns).

Stomo444 the Basher (Vine Stalker Monk)            Turns: 10637, Time: 00:35:02

Health: -7/63      AC:  5    Str: 17    XL:     11   Next: 53%
Magic:  0/12       EV: 17    Int: 10    God:    Ru [*.....]
Gold:   466        SH:  5    Dex: 17    Spells: 10/10 levels left

rFire    + . .     SeeInvis .   c - +4 flail (drain)
rCold    + . .     Faith    .   (no shield)
rNeg     . . .     Spirit   +   b - +0 robe
rPois    .         Reflect  +   (no helmet)
rElec    .         Harm     .   H - +0 cloak
rCorr    .         Rampage  .   r - +1 pair of gloves
Will     +....                  (no boots)
Stlth    ++........             L - amulet of reflection
HPRegen  1.20/turn              C - ring of protection from cold
MPRegen  0.13/turn              E - ring of protection from fire

@: no status effects
A: fangs 3, regeneration 1, magic shield, antimagic bite, no potion heal 2, no
hexes magic, no poison magic, no summoning magic
a: Renounce Religion, Sacrifice a Hand, Sacrifice Purity, Sacrifice Skill,
Reject Sacrifices


You were on level 11 of the Dungeon.
You worshipped Ru.
Ru was aware of your devotion.
You visited 2 branches of the dungeon, and saw 12 of its levels.

You collected 466 gold pieces.

Inventory:

Hand Weapons
 a - a +0 mace
 c - a +4 flail of draining (weapon)
 f - a +0 club
 g - a +0 flail
 u - a +0 dire flail
 w - a +1 mace of protection
 G - a +2 whip of flaming
 I - a +0 whip of electrocution
Missiles
 d - a throwing net
 j - 230 stones (quivered)
Armour
 b - a +0 robe (worn)
 r - a +1 pair of gloves (worn)
 s - a scarf of invisibility
 H - a +0 cloak (worn)
 J - a +0 pair of boots
 M - a +0 troll leather armour
Jewellery
 C - a ring of protection from cold (left hand)
 E - a ring of protection from fire (right hand)
 L - an amulet of reflection (around neck)
Wands
 v - a wand of iceblast (10)
 y - a wand of flame (17)
Scrolls
 e - 7 scrolls of identify
 k - a scroll of fog {unknown}
 l - 2 scrolls of torment {unknown}
 n - 3 scrolls of enchant weapon {unknown}
 o - 2 scrolls of teleportation {unknown}
 p - a scroll of magic mapping {unknown}
 q - 2 scrolls of immolation {unknown}
 t - a scroll of vulnerability {unknown}
 D - 2 scrolls of noise {unknown}
 F - a scroll of holy word {unknown}
 K - a scroll of acquirement {unknown}
Potions
 h - 3 potions of degeneration {unknown}
 i - a potion of magic {unknown}
 m - 2 potions of curing
 x - 3 potions of lignification {unknown}
 z - 2 potions of flight {unknown}
 A - a potion of mutation {unknown}
 B - 2 potions of brilliance {unknown}


   Skills:
 - Level 9.9 Fighting
 - Level 9.9 Maces & Flails
 + Level 0.0 Armour
 - Level 9.1 Dodging
 - Level 2.4 Stealth


You had 10 spell levels left.
You didn't know any spells.
Your spell library contained the following spells:

 Spells                   Type           Power      Damage    Failure   Level
 Passwall                 Tmut/Erth      0%         N/A       50%         2
 Swiftness                Air            0%         N/A       75%         3
 Invisibility             Hex            Unusable   N/A       N/A         6

Dungeon Overview and Level Annotations

Branches:
Dungeon (11/15)            Temple (1/1) D:6            Lair (0/6) D:10
    Orc: D:9-12

Altars:
Ashenzari
Cheibriados
Dithmenos
Elyvilon
Fedhas
Gozag
Hepliaklqana
Kikubaaqudgha
Makhleb
Nemelex Xobeh
Okawaru
Qazlal
Ru
Sif Muna
Trog
Uskayaw
Vehumet
Wu Jian
Xom
Yredelemnul
Zin
The Shining One

Shops:
D:8 (   D:11 [

Annotations:
D:4 1 runed translucent door, GlazedDonut's ghost, amateur MiBe


Innate Abilities, Weirdness & Mutations

You have razor-sharp teeth.
Your natural rate of healing is unusually fast.
When hurt, damage is shared between your health and your magic reserves.
Your bite disrupts and absorbs the magic of your enemies.
Potions cannot restore your health.
You cannot study or cast Hexes magic.
You cannot study or cast Poison magic.
You cannot study or cast Summoning magic.


Message History

Unknown command.
You sock the goblin zombie! You bite the goblin zombie.
You destroy the goblin zombie!
The troll zombie closely misses you. The troll zombie misses you.
The troll zombie closely misses you. The ogre zombie hits you!
You thump the orc skeleton!
You destroy the orc skeleton!
The troll zombie completely misses you. You block the troll zombie's attack.
The troll zombie misses you.
You bludgeon the troll zombie!! You bite the troll zombie. You drain its power.
You feel invigorated.
The troll zombie is heavily damaged.
The ogre zombie closely misses you.
You sock the troll zombie!
The troll zombie is severely damaged.
You block the troll zombie's attack. The troll zombie claws you!
The troll zombie completely misses you. You block the orc priest's attack.
The phantom completely misses you. The ogre zombie hits you!
You hit the troll zombie. You bite the troll zombie. You drain its power.
You feel invigorated.
The troll zombie is severely damaged.
The troll zombie bites you! You block the troll zombie's attack.
The troll zombie claws you!
The orc priest hits you with a +0 flail.
The phantom is stunned by your conviction and fails to attack.
You hit the troll zombie but do no damage.
The troll zombie is severely damaged.
The ogre zombie hits you. The orc priest completely misses you.
You hit the troll zombie but do no damage.
You bite the troll zombie, but do no damage.
The troll zombie is severely damaged.
You block the phantom's attack. The troll zombie bites you!
* * * LOW HITPOINT WARNING * * *
The troll zombie barely misses you. The troll zombie claws you!
* * * LOW HITPOINT WARNING * * *
The orc priest looks encouraged for a moment.
The ogre zombie hits you!
* * * LOW HITPOINT WARNING * * *
The troll zombie closely misses you. The troll zombie claws you!
You die...

#..##.# # ##. ##.....# #....
#....... .#.. ####...# ..#
#......# #.# ##.##(#.# ####..
######..##.#.#######.####.....
..........Y†ZZ...........<##.#
..#........#W@..####...#####.#
≈≈≈≈≈≈≈≈≈≈≈!..o###.# ### #..
≈≈≈≈≈≈≈≈≈≈≈.....# #### ##.
≈≈≈≈≈≈≈≈≈Y≈.....# ≈≈≈# p
≈≈≈≈c≈≈≈≈Y≈...∩.#≈≈≈≈# .
≈≈≈≈≈≈≈≈≈Z≈.....'≈≈≈≈+ #
≈≈≈...≈≈≈≈≈.....#≈≈≈≈#
≈≈≈...≈≈≈≈≈.....#≈≈≈≈#
≈≈≈...≈≈≈≈≈.....# ###


You could see 3 yaks, a phantom, an orc priest, an orc zombie, an ogre zombie
and a troll zombie.

Vanquished Creatures
  An oklob plant (D:10)
  A cyclops (D:11)
  A centaur zombie (D:6)
  Maggie (D:6)
  An unseen horror (D:11)
  A kobold demonologist (D:9)
  Psyche (D:7)
  2 trolls
  2 hornets
  Prince Ribbit (D:9)
  Grinder (D:6)
  A wraith (D:10)
  Sigmund (D:6)
  A shadow (D:11)
  2 vampires
  11 yaks
  2 steam dragons
  Menkaure (D:6)
  Edmund (D:6)
  2 ice beasts (D:6)
  An orc warrior (D:9)
  2 sky beasts
  3 black bears
  A necrophage (D:7)
  2 ogres
  5 centaurs
  A phantom (D:11)
  3 kobold brigands (D:8)
  2 bullfrogs
  A gnoll sergeant (D:10)
  Blork the orc (D:5)
  A water moccasin zombie (D:6)
  A water moccasin skeleton (D:5)
  3 killer bees (D:9)
  A troll zombie (D:11)
  4 howler monkeys
  2 hounds (D:6)
  2 jellies
  2 bullfrog zombies
  4 orc priests
  A gnoll shaman (D:9)
  8 iguanas
  Natasha (thrice) (D:2)
  Terence (D:3)
  11 orc wizards
  2 howler monkey zombies
  Robin (D:3)
  10 adders
  17 gnolls
  A shadow imp (D:8)
  2 white imps
  An ufetubus (D:6)
  3 dart slugs
  32 orcs
  6 endoplasms
  3 giant cockroaches (D:1)
  11 goblins
  7 hobgoblins
  3 quokkas
  4 ball pythons
  4 bats
  5 frilled lizards
  3 goblin zombies (D:11)
  A hobgoblin zombie (D:11)
  12 kobolds
  An orc skeleton (D:11)
  4 rats
234 creatures vanquished.

Vanquished Creatures (others)
  29 plants
29 creatures vanquished.

Grand Total: 263 creatures vanquished

Notes
Turn   | Place    | Note
-------+----------+-------------------------------------------
     0 | D:1      | Stomo444 the Vine Stalker Monk began the quest for the Orb.
     0 | D:1      | Reached XP level 1. HP: 11/11 MP: 2/2
   190 | D:1      | Reached XP level 2. HP: 16/16 MP: 3/3
  1189 | D:2      | Reached XP level 3. HP: 20/20 MP: 4/4
  1208 | D:2      | Found a faded altar of an unknown god.
  1511 | D:2      | Noticed Natasha
  1527 | D:2      | Killed Natasha
  1850 | D:2      | Gained mutation: Your natural rate of healing is unusually
                  | fast. [Vine Stalker growth]
  1850 | D:2      | Reached XP level 4. HP: 14/24 MP: 3/5
  1954 | D:2      | Noticed Natasha
  1984 | D:2      | Killed Natasha
  2445 | D:2      | Noticed Natasha
  2458 | D:2      | Killed Natasha
  2459 | D:2      | Reached XP level 5. HP: 29/29 MP: 6/6
  2696 | D:3      | Noticed Terence
  2726 | D:3      | Killed Terence
  2977 | D:3      | Reached XP level 6. HP: 23/33 MP: 2/7
  3052 | D:3      | Noticed Robin
  3079 | D:3      | Killed Robin
  3547 | D:4      | Noticed a sky beast
  3677 | D:4      | Reached XP level 7. HP: 38/38 MP: 8/8
  3775 | D:4      | Noticed GlazedDonut's ghost (amateur MiBe)
  3782 | D:4      | Found a runed translucent door.
  3840 | D:4      | Found a glowing golden altar of the Shining One.
  4193 | D:5      | Entered Level 5 of the Dungeon
  4210 | D:5      | Reached skill level 5 in Fighting
  4210 | D:5      | Noticed Blork the orc
  4218 | D:5      | Reached skill level 5 in Maces & Flails
  4224 | D:5      | Killed Blork the orc
  4388 | D:5      | Gained mutation: You have razor-sharp teeth. [Vine Stalker
                  | growth]
  4388 | D:5      | Reached XP level 8. HP: 44/44 MP: 9/9
  4513 | D:5      | Reached skill level 5 in Dodging
  5037 | D:6      | Reached XP level 9. HP: 22/49 MP: 4/10
  5153 | D:6      | Noticed Sigmund
  5182 | D:6      | Killed Sigmund
  5304 | D:6      | Noticed Maggie
  5311 | D:6      | Noticed Edmund
  5353 | D:6      | Killed Maggie
  5386 | D:6      | Killed Edmund
  5477 | D:6      | Noticed Menkaure
  5483 | D:6      | Killed Menkaure
  5669 | D:6      | Found a staircase to the Ecumenical Temple.
  5723 | D:6      | Noticed Grinder
  5745 | Temple   | Entered the Ecumenical Temple
  6404 | Temple   | Became a worshipper of Ru the Awakened
  6412 | Temple   | Gained mutation: You cannot study or cast Poison magic. [Ru
                  | sacrifice]
  6412 | Temple   | Gained mutation: You cannot study or cast Hexes magic. [Ru
                  | sacrifice]
  6412 | Temple   | Gained mutation: You cannot study or cast Summoning magic.
                  | [Ru sacrifice]
  6412 | Temple   | Reached * piety under Ru
  6468 | D:6      | Killed Grinder
  6729 | D:7      | Reached XP level 10. HP: 51/56 MP: 8/11
  7366 | D:8      | Noticed Psyche
  7460 | D:7      | Killed Psyche
  7922 | D:8      | Found a basalt altar of Yredelemnul.
  8094 | D:8      | Found Exu Qudogg's Weapon Boutique.
  8188 | D:9      | Found a shimmering altar of Xom.
  8254 | D:9      | Paralysed by a hornet for 2 turns
  8257 | D:9      | Paralysed by a hornet for 1 turns
  8327 | D:9      | Noticed Prince Ribbit
  8337 | D:9      | Killed Prince Ribbit
  8583 | D:9      | Noticed a kobold demonologist
  8585 | D:9      | Noticed a sixfirhy
  8592 | D:9      | Killed a kobold demonologist
  8881 | D:9      | Found a shimmering blue altar of Sif Muna.
  8989 | D:9      | Reached XP level 11. HP: 62/62 MP: 12/12
  9025 | D:10     | Entered Level 10 of the Dungeon
  9247 | D:10     | Found a staircase to the Lair.
  9247 | D:10     | Noticed an oklob plant
 10061 | D:10     | Killed an oklob plant
 10112 | D:11     | Found Voong's Armour Boutique.
 10113 | D:11     | Noticed a cyclops
 10437 | D:11     | Noticed a death knight
 10513 | D:11     | Killed a cyclops
 10637 | D:11     | HP: 2/63 [ogre zombie (7)]
 10637 | D:11     | Mangled by a troll zombie

Illustrated notes

Levels and vault maps discovered:
D:1:      roderic_chinese_lattice_arrival, layout_basic
D:2:      layout_loops_ring, basic_ecumenical_altar, serial_bayou,
          serial_bayou_ford_a, serial_bayou_lagoon_a, serial_bayou_pond_b,
          serial_bayou_crossing, uniq_natasha
D:3:      layout_rooms, uniq_terence, uniq_robin
D:4:      layout_rooms, nicolae_tso_carved_into_rock,
          hellmonk_ghost_happy_afterlife, kennysheep_crisscross
D:5:      layout_loops_ring, hex_large, st_stairs_4, minmay_stone_trees_medium,
          uniq_blork_the_orc
D:6:      layout_loops_ring, minmay_temple_entry_statues_pillars, uniq_maggie,
          uniq_edmund, uniq_sigmund, uniq_grinder, uniq_menkaure
D:7:      layout_basic
D:8:      layout_cave_pools, mainiacjoe_overflow_catwalk, serial_rivers,
          chequers_serial_rivers_marsh, chequers_serial_rivers_room_a,
          chequers_serial_rivers_micro_b, chequers_serial_rivers_room_a,
          chequers_serial_rivers_small_b, chequers_serial_rivers_micro_d,
          kennysheep_windowed_goal, uniq_psyche
D:9:      layout_basic, amcnicky_altar_gilded, led_sif_book, uniq_prince_ribbit1
D:10:     layout_gridville, dpeg_oklobed_lair
D:11:     nicolae_whirlpool, layout_rooms, zombieorc2_lemuel, serial_rivers,
          chequers_serial_rivers_marsh, chequers_serial_rivers_large_a,
          chequers_serial_rivers_large_b, chequers_serial_rivers_room_b,
          chequers_serial_rivers_micro_c, serial_shops, shop
Temple:   dpeg_five_rooms_temple

Skill      XL: |  1  2  3  4  5  6  7  8  9 10 11 |
---------------+----------------------------------+-----
Maces & Flails | 3 4 5 6 7 9 |  9.9
Fighting       | 3 4 5 6 7 9 |  9.9
Dodging        | 3 4 5 7 8 9 |  9.1
Stealth        | |  2.4

Action                   |  1- 3 |  4- 6 |  7- 9 | 10-12 || total
-------------------------+-------+-------+-------+-------++-------
Melee: Mace              |    94 |   186 |   129 |       ||   409
       Bite              |    25 |    65 |   108 |   149 ||   347
       Flail             |       |    14 |   128 |   374 ||   516
       Club              |       |     7 |       |       ||     7
       Dire flail        |       |       |    39 |       ||    39
       Whip              |       |       |       |     1 ||     1
Throw: Stone             |       |       |     8 |     4 ||    12
Invok: Sacrifice Arcana  |       |       |     1 |       ||     1
  Use: Scroll            |     2 |     1 |     1 |     1 ||     5
       Potion            |     1 |     3 |     1 |     1 ||     6
 Stab: Sleeping          |     2 |     4 |     8 |     4 ||    18
       Distracted        |       |     1 |       |     3 ||     4
       Invisible         |       |       |       |     2 ||     2
Armor: Robe              |    17 |    37 |    62 |    50 ||   166
Dodge: Dodged            |    58 |   144 |   193 |   279 ||   674
Block: Other             |       |       |       |    37 ||    37
       Reflection        |       |       |       |     3 ||     3
